 Dungeon Crawl Stone Soup version 0.21.0-3-g78d12a8bdd (webtiles) character file.

150 Berahthraban the Charmwright (level 5, -2/41 HPs)
             Began as a Human Skald on Jan 12, 2018.
             Slain by weresquid's ghost (4 damage)
             ... on level 3 of the Dungeon.
             The game lasted 00:16:33 (2863 turns).

Berahthraban the Charmwright (Human Skald)          Turns: 2863, Time: 00:16:33

Health: -2/41      AC:  8    Str: 11    XL:     5   Next: 58%
Magic:  2/8        EV: 11    Int: 14    God:
Gold:   88         SH:  0    Dex: 13    Spells: 3/8 levels left

rFire    . . .     SeeInvis .   a - +1 mace
rCold    . . .     Gourm    .   (no shield)
rNeg     . . .     Faith    .   q - +0 ring mail
rPois    .         Spirit   .   (no helmet)
rElec    .         Reflect  .   (no cloak)
rCorr    .         Harm     .   (no gloves)
MR       .....                  (no boots)
Stlth    +.........             (no amulet)
HPRegen  0.13/turn              m - ring of wizardry
MPRegen  0.11/turn              D - +3 ring of protection

@: infused, very slightly contaminated
A: no striking features
a: no special abilities


You were on level 3 of the Dungeon.
You were not hungry.

You visited 1 branch of the dungeon, and saw 4 of its levels.

You collected 88 gold pieces.


   Skills:
 + Level 3.0 Fighting
 - Level 2.0 Maces & Flails
 + Level 2.3 Armour
 + Level 3.0 Dodging
 - Level 2.0 Spellcasting
 + Level 3.7 Charms
 + Level 1.5 Translocations


You had 3 spell levels left.
You knew the following spells:

 Your Spells              Type           Power        Failure   Level  Hunger
a - Infusion              Chrm           ##..         4%          1    ##.....
b - Song of Slaying       Chrm           ##......     8%          2    ###....
c - Shroud of Golubria    Chrm/Tloc      #.........   12%         2    ###....

Inventory:

Hand Weapons
 a - a +1 mace (weapon)
 p - a +1 dagger of flaming
 u - a +3 dagger
Missiles
 n - 50 stones
 y - a javelin (quivered)
Armour
 q - a +0 ring mail (worn)
Jewellery
 m - a ring of wizardry (left hand)
 D - a +3 ring of protection (right hand)
Scrolls
 e - a scroll of amnesia
 o - a scroll of enchant weapon
 t - a scroll of remove curse
Potions
 g - a potion of haste {unknown}
 h - a potion of lignification {unknown}
 i - a potion of might {unknown}
 j - 3 potions of brilliance {unknown}
 k - a potion of mutation {unknown}
 r - 6 potions of curing {@q1}
 s - 2 potions of agility {unknown}
 v - a potion of degeneration {unknown}
 w - a potion of magic {unknown}
 x - a potion of berserk rage {unknown}
 A - 2 potions of heal wounds {unknown}
 C - 2 potions of invisibility {unknown}
Books
 c - a book of Battle

   Spells                             Type                      Level
   a - Infusion                       Charms                       1
   b - Shroud of Golubria             Charms/Translocation         2
   c - Song of Slaying                Charms                       2
   d - Spectral Weapon                Hexes/Charms                 3
   e - Regeneration                   Charms/Necromancy            3
Comestibles
 b - 2 chunks of flesh
 d - 7 rations

Dungeon Overview and Level Annotations

Branches:
Dungeon (4/15)
 Temple: D:4-7

Altars:
Cheibriados
Hepliaklqana

Annotations:
D:1 cleared
D:2 otherwise cleared, exclusion: 2 downstairs, Sigmund
D:3 otherwise cleared, exclusion: downstairs, weresquid's ghost, amateur TrGl
D:4 Duvessa

#.........#....###.)......
######..##.....# #.####.##
##.#......# #.# ####.
#...#....###.###..#.
##..#....##.......#_
##.......##...##.##.
#§§§§.........#...#.
#§§§#§............##
##§@W§........##...#
#§##§....#....#.#..
#§######.#.........
#########.### #.#....#####
##.....#.....## #......#####
##.............###...........
#.....................#######
#....>..........###.#.## ####
#...............###.#..# #.÷.


You could see weresquid's ghost.


Message History

It was a scroll of remove curse.
Weresquid's ghost hits you but does no damage.
As you read the scroll labeled CETZIV HOUH, it crumbles to dust.
The scroll dissolves into smoke.
It was a scroll of fog.
Weresquid's ghost hits you but does no damage.
As you read the scroll labeled KORRIA MULYUB, it crumbles to dust.
You assume a fearsome visage.
Weresquid's ghost is unaffected.
It was a scroll of fear.
Weresquid's ghost keens inconsolably.
Weresquid's ghost barely misses you.
As you read the scroll labeled XYSHAS EGREVE, it crumbles to dust.
It is a scroll of identify.
r - 6 potions of curing Weresquid's ghost hits you!
* * * LOW HITPOINT WARNING * * *
Space distorts slightly along a thin shroud covering your body.
Weresquid's ghost completely misses you.
You begin infusing your attacks with magical energy.
Weresquid's ghost misses you.
You hit weresquid's ghost.
Weresquid's ghost is lightly damaged.
Weresquid's ghost hits you!
* * * LOW HITPOINT WARNING * * *
Your shroud falls apart!
You hit weresquid's ghost.
Weresquid's ghost is moderately damaged.
Weresquid's ghost hits you.
You die...

Action                   |  1- 3 |  4- 6 || total
-------------------------+-------+-------++-------
Melee: Mace              |    97 |   138 ||   235
Throw: Javelin           |     2 |     3 ||     5
 Cast: Shroud of Golubri |     2 |    16 ||    18
       Infusion          |     2 |     6 ||     8
  Use: Scroll            |       |     6 ||     6
 Stab: Sleeping          |       |     1 ||     1
  Eat: Chunk             |     1 |     7 ||     8
Armor: Leather armour    |    26 |    44 ||    70
       Ring mail         |       |    16 ||    16
Dodge: Dodged            |    74 |   121 ||   195

Vault maps used:
D:1:      saegor_arrival_simple_b, nrook_mini_vaults
D:2:      cheibriados_altar_1, first_ration, uniq_sigmund
D:3:      lemuel_coloured_pillars_altar, minivault_14, grunt_ministairs_13
D:4:      old_standard_altar, kennysheep_mini, palyth_stone_intersect,
          serial_park_tiny_2, makhleb_heckhound_becter, uniq_duvessa

Notes
Turn   | Place    | Note
-------+----------+-------------------------------------------
     0 | D:1      | Berahthraban the Human Skald began the quest for the Orb.
     0 | D:1      | Reached XP level 1. HP: 16/16 MP: 3/3
   246 | D:1      | Reached XP level 2. HP: 17/22 MP: 5/5
   288 | D:1      | Learned a level 2 spell: Song of Slaying
   355 | D:1      | Learned a level 2 spell: Shroud of Golubria
   625 | D:1      | Reached XP level 3. HP: 18/28 MP: 6/6
  1161 | D:2      | Reached XP level 4. HP: 34/34 MP: 3/7
  1268 | D:2      | Found a snail-covered altar of Cheibriados.
  1273 | D:2      | Noticed Sigmund
  1471 | D:2      | Reached skill level 1 in Translocations
  1474 | D:2      | Reached skill level 2 in Armour
  1688 | D:3      | Noticed weresquid's ghost (amateur TrGl)
  2082 | D:3      | Reached XP level 5. HP: 39/39 MP: 8/8
  2657 | D:3      | Found a hazy altar of Hepliaklqana.
  2709 | D:3      | Reached skill level 3 in Fighting
  2709 | D:3      | Reached skill level 3 in Dodging
  2831 | D:4      | Noticed Duvessa
  2862 | D:3      | HP: 1/41 [weresquid's ghost (11)]
  2863 | D:3      | Slain by weresquid's ghost

Vanquished Creatures
  A hound (D:3)
  4 adders
  2 oozes
  3 worms
  A dart slug (D:4)
  3 leopard geckos
  An orc (D:3)
  3 giant cockroaches
  9 goblins
  7 hobgoblins
  3 jackals (D:3)
  A ball python (D:4)
  9 bats
  2 frilled lizards
  8 kobolds
  7 rats
64 creatures vanquished.

Vanquished Creatures (others)
  A bush (D:4)
1 creature vanquished.

Grand Total: 65 creatures vanquished
